 Dungeon Crawl Stone Soup version 0.18.1-8-gdd0e5ea (webtiles) character file.

21 epen the Ducker (level 2, -2/14 HPs)
             Began as a Spriggan Transmuter on May 21, 2016.
             Slain by a worm (8 damage)
             ... on level 2 of the Dungeon.
             The game lasted 00:00:59 (874 turns).

epen the Ducker (Spriggan Transmuter)                Turns: 874, Time: 00:01:00

Health: -2/14      AC:  2    Str:  6    XL:     2   Next: 62%
Magic:  5/6        EV: 18    Int: 14    God:
Gold:   45         SH:  0    Dex: 16    Spells: 2 memorised, 3 levels left

rFire  . . .     SeeInvis +       - Unarmed
rCold  . . .     Gourm    .     b - +0 robe
rNeg   . . .     Faith    .     (shield restricted)
rPois  .         Spirit   .     (helmet restricted)
rElec  .         Dismiss  .     (no cloak)
rCorr  .         Reflect  .     (gloves unavailable)
SustAt .         Harm     .     (boots unavailable)
MR     .....                    (no amulet)
Stlth  +.........               (no ring)
                                (no ring)

@: appendage, very quick, not resistant to hostile enchantments, very unstealthy
A: unfitting armour, talons 3, see invisible, herbivore 3, speed 3, slow
metabolism 2
a: End Transformation


You were on level 2 of the Dungeon.
You were not hungry.
You had grown temporary talons.
You visited 1 branch of the dungeon, and saw 2 of its levels.

You collected 45 gold pieces.

Inventory:

Missiles
 a - 32 arrows
 k - 6 needles of sleeping
Armour
 b - a +0 robe (worn)
Scrolls
 f - a scroll of noise {unknown}
 g - a scroll of remove curse {unknown}
 i - a scroll of blinking {unknown}
 j - a scroll of fear {unknown}
 l - a scroll of recharging {unknown}
Potions
 e - a potion of agility {unknown}
 h - 2 potions of curing {unknown}
 m - 2 potions of cure mutation {unknown}
Books
 c - a book of Changes

   Spells                             Type                      Level
   a - Beastly Appendage              Transmutation                1
   b - Sticks to Snakes               Transmutation                2
   c - Spider Form                    Transmutation/Poison         3
   d - Ice Form                       Ice/Transmutation            4
   e - Blade Hands                    Transmutation                5
Comestibles
 d - a bread ration


   Skills:
 + Level 1.3 Fighting
 + Level 3.4 Dodging
 * Level 2.5 Unarmed Combat
 + Level 2.9 Spellcasting
 * Level 3.0 Transmutations


You had 3 spell levels left.
You knew the following spells:

 Your Spells              Type           Power        Failure   Level  Hunger
a - Beastly Appendage     Trmt           ##....       10%         1    #......
b - Sticks to Snakes      Trmt           ##......     12%         2    ##.....


Dungeon Overview and Level Annotations

Branches:
Dungeon (2/15)

Altars:


Innate Abilities, Weirdness & Mutations

You are tiny and cannot use many weapons and most armour.
You have supernaturally acute eyesight.
You are a herbivore.
You cover ground extremely quickly.
You need consume almost no food.
You have claws for feet.


Message History

Casting: Beastly Appendage
Confirm with . or Enter, or press ? or * to list all spells.
Your feet morph into talons.
The worm bites you.
Found a stone staircase leading up.
You barely miss the worm. You hit the worm but do no damage.
The worm barely misses you.
You barely miss the worm. You completely miss the worm. The worm bites you!
Ouch! That really hurt!
You hit the worm but do no damage. You claw the worm.
The worm is lightly wounded.
The worm completely misses you.
You hit the worm. Your kick misses the worm.
The worm is moderately wounded.
You hit the worm. You claw the worm.
The worm is heavily wounded.
The worm bites you!
Ouch! That really hurt!
You die...

#.....#
#..#### #.>#
#..#
########..#
..........#
#########.#
#.#########.#
<.....w@....#
...########.#
#.# #.# #.#
#.# #.# .#


You could see a worm.

Vanquished Creatures
  3 giant cockroaches
  4 goblins
  2 hobgoblins (D:1)
  3 bats (D:1)
  A giant newt (D:2)
  2 kobolds
  6 rats
21 creatures vanquished.

Notes
Turn   | Place    | Note
--------------------------------------------------------------
     0 | D:1      | epen the Spriggan Transmuter began the quest for the Orb.
     0 | D:1      | Reached XP level 1. HP: 9/9 MP: 5/5
   156 | D:1      | Reached skill level 1 in Fighting
   235 | D:1      | Reached XP level 2. HP: 14/14 MP: 6/6
   250 | D:1      | Learned a level 2 spell: Sticks to Snakes
   874 | D:2      | Slain by a worm

Skill      XL: |  1  2 |
---------------+-------+-----
Fighting       | 1 |  1.3
Transmutations | 3 |  3.0
Dodging        | |  3.4
Unarmed Combat | |  2.5
Spellcasting   | |  2.9

Action                   || total
-------------------------++-------
Melee: Unarmed           ||    85
       Punch             ||     1
       Kick              ||     3
 Cast: Beastly Appendage ||     2
 Stab: Sleeping          ||     1
Armor: Robe              ||    11
Dodge: Dodged            ||    64
